 Dungeon Crawl Stone Soup version 0.19.0-24-gb05acd6 (webtiles) character file.

4592 Xarkox the Frost Mage (level 10, -3/77 HPs)
             Began as a Grey Draconian Ice Elementalist on Nov 21, 2016.
             Was an Elder of Zin.
             Hit by a javelin thrown by Urug (23 damage)
             ... on level 1 of the Orcish Mines.
             The game lasted 00:59:40 (10042 turns).

Xarkox the Frost Mage (DrIE)                       Turns: 10042, Time: 00:59:42

Health: -3/77      AC: 14    Str: 10    XL:     10   Next: 18%
Magic:  17/21      EV: 14    Int: 21    God:    Zin [****..]
Gold:   89         SH:  0    Dex: 14    Spells: 4 memorised, 13 levels left

rFire  . . .     SeeInvis .     j - +4 dagger (flame)
rCold  . . .     Gourm    .     (armour unavailable)
rNeg   . . .     Faith    .     (no shield)
rPois  .         Spirit   .     (helmet restricted)
rElec  .         Reflect  .     w - +0 cloak
rCorr  .         Harm     .     v - +0 pair of gloves
MR     +....                    (no boots)
Stlth  ++........               G - amulet of magic regeneration
                                f - +4 ring of intelligence
                                R - ring of protection from magic

@: no status effects
A: walk through water, unfitting armour, unbreathing, cold-blooded, AC +12
a: Recite, Vitalisation, Imprison, Donate Gold, Renounce Religion


You were on level 1 of the Orcish Mines.
You worshipped Zin.
Zin was greatly pleased with you.
You were not hungry.

You visited 2 branches of the dungeon, and saw 10 of its levels.

You collected 391 gold pieces.
You donated 302 gold pieces to Zin.

Inventory:

Hand Weapons
 c - a +0 hand axe
 g - a +1 dagger of venom
 j - a +4 dagger of flaming (weapon)
 n - a +0 dagger
 u - a +0 flail of protection
 x - a +1 short sword of holy wrath
 L - a +0 mace of protection
 O - a +0 dagger of speed
Missiles
 P - 5 exploding tomahawks (quivered)
Armour
 v - a +0 pair of gloves (worn)
 w - a +0 cloak (worn)
 y - a +0 buckler of cold resistance
 N - a +0 cloak
Magical Staves
 K - an uncursed staff of air
Jewellery
 e - an uncursed ring of protection from cold
 f - a +4 ring of intelligence (right hand)
 k - an uncursed ring of stealth
 G - an amulet of magic regeneration (around neck)
 R - a ring of protection from magic (left hand)
Wands
 d - a wand of polymorph (0/24)
 r - a wand of polymorph (8/24)
 Q - a wand of lightning (7/15)
Scrolls
 i - a scroll of fear
 s - a scroll of fog
 t - a scroll of identify
 D - 3 scrolls of teleportation
 E - 2 scrolls of magic mapping
 I - a scroll of recharging
Potions
 l - a potion of cancellation
 p - a potion of curing
 q - a potion of ambrosia
 z - 2 potions of haste
 A - a potion of beneficial mutation
 J - a potion of invisibility {unknown}
 T - a potion of degeneration {unknown}
Books
 a - a book of Frost

   Spells                             Type                      Level
   a - Freeze                         Ice                          1
   b - Throw Frost                    Conjuration/Ice              2
   c - Ozocubu's Armour               Charms/Ice                   3
   d - Throw Icicle                   Conjuration/Ice              4
   e - Summon Ice Beast               Ice/Summoning                4
 F - a book of Callings

   Spells                             Type                      Level
   a - Summon Small Mammal            Summoning                    1
   b - Call Imp                       Summoning                    2
   c - Call Canine Familiar           Summoning                    3
   d - Summon Guardian Golem          Hexes/Summoning              3
   e - Summon Lightning Spire         Summoning/Air                4
   f - Summon Ice Beast               Ice/Summoning                4
Comestibles
 b - 5 bread rations
 h - 4 slices of pizza
 m - 4 meat rations
 o - 2 fruits
 B - 2 beef jerkies
 H - a royal jelly


   Skills:
 + Level 3.4 Fighting
 + Level 4.2 Short Blades
 + Level 1.1 Axes
 + Level 4.4 Dodging
 + Level 3.4 Stealth
 + Level 7.5 Spellcasting
 + Level 4.3 Conjurations
 + Level 1.6 Summonings
 + Level 8.2 Ice Magic
 + Level 4.1 Invocations


You had 13 spell levels left.
You knew the following spells:

 Your Spells              Type           Power        Failure   Level  Hunger
a - Freeze                Ice            ####         1%          1    None
b - Throw Frost           Conj/Ice       ####..       1%          2    None
c - Throw Icicle          Conj/Ice       ####....     8%          4    ###....
d - Summon Ice Beast      Ice/Summ       ####....     14%         4    ###....


Dungeon Overview and Level Annotations

Branches:
Dungeon (9/15)             Temple (0/1) D:5             Orc (1/2) D:9
   Lair: D:8-11

Altars:
Ashenzari
Dithmenos
Elyvilon
Gozag
Hepliaklqana
Kikubaaqudgha
Nemelex Xobeh
Qazlal
Trog
Uskayaw
Xom
Yredelemnul
Zin

Shops:
D:5 :

Annotations:
D:8 1 runed door
D:9 Joseph
Orc:1 Urug


Innate Abilities, Weirdness & Mutations

You can walk through water.
Your dull iron-grey scales are very hard. (AC +12)
You cannot fit into any form of body armour.
You can survive without breathing.
You are cold-blooded and may be slowed by cold attacks.


Message History

You kill the orc priest!
The orc hits you but does no damage.
The orc knight roars a battlecry!
The orc warrior hits you from afar with an enchanted halberd!!
The orc warrior closely misses your ice beast.
Your ice beast hits the orc.
Your ice beast freezes the orc!
The orc dies!
The orc warrior throws a tomahawk of dispersal.
The tomahawk of dispersal hits you!
You blink.
Urug jeers loudly.
Urug throws a javelin.
The javelin completely misses you.
Your ice beast barely misses the orc warrior.
An ogre comes into view. It is wielding a giant club.
The orc warrior throws a tomahawk of dispersal.
The tomahawk of dispersal hits your ice beast.
Your ice beast blinks!
The orc warrior hits you with a flail!
* * * LOW HITPOINT WARNING * * *
Urug throws a javelin.
The javelin hits you!!
You die...

#.#... ###
#......
##.###.......
#...#..o.....
#§#...ooO...
##Y..o.#oo...
#..o§..o#...
##...o....#
#..$@..o.##.
#............
#...#.###.##..
##(#### ## #
##


You could see an orc knight, Urug, 3 orc warriors, an ogre, an orc priest, 2 orc
wizards, 2 orcs and a friendly ice beast.

Vanquished Creatures
  Pikel (D:7)
  A troll (D:8)
  A hornet (D:6)
  Prince Ribbit (D:7)
  A spriggan (D:7)
  A hungry ghost (D:9)
  Edmund (D:4)
  3 ice beasts
  2 sky beasts
  2 orc warriors
  A black bear (D:9)
  5 ogres
  2 centaurs
  6 bullfrogs
  2 scorpions (D:8)
  2 howler monkeys
  A crimson imp (D:8)
  A quasit (D:8)
  6 orc priests
  2 hounds
  Jessica (D:3)
  Natasha (thrice) (D:2)
  4 iguanas
  7 orc wizards
  4 worker ants
  2 hound zombies (D:6)
  Robin (D:3)
  8 adders
  A shadow imp (D:4)
  An ooze (D:5)
  An adder zombie (D:5)
  3 worms
  2 dart slugs
  7 leopard geckos
  43 orcs
  A ball python (D:3)
  6 giant cockroaches
  17 goblins
  12 hobgoblins
  7 jackals
  A quokka (D:3)
  8 bats
  4 frilled lizards
  9 kobolds
  2 quokka skeletons
  3 rats
200 creatures vanquished.

Vanquished Creatures (collateral kills)
  A warg (D:9)
  An orc warrior (D:7)
  A slave (D:7)
  An ogre (D:9)
  A bullfrog (D:7)
  A quasit (D:8)
  A hound (D:7)
  An orc priest (D:9)
  An iguana (D:7)
  2 orc wizards
  An adder (D:9)
  7 orcs
19 creatures vanquished.

Vanquished Creatures (others)
  A slave (D:7)
  A centaur (D:7)
  A quokka (D:7)
  2 kobolds (D:7)
  A quokka skeleton (D:7)
6 creatures vanquished.

Grand Total: 225 creatures vanquished

Notes
Turn   | Place    | Note
-------+----------+-------------------------------------------
     0 | D:1      | Xarkox the Draconian Ice Elementalist began the quest for the Orb.
     0 | D:1      | Reached XP level 1. HP: 14/14 MP: 3/3
   241 | D:1      | Reached XP level 2. HP: 8/20 MP: 1/5
  1231 | D:2      | Learned a level 2 spell: Throw Frost
  1343 | D:2      | Reached XP level 3. HP: 22/26 MP: 0/6
  1703 | D:2      | Noticed Natasha
  1710 | D:2      | Killed Natasha
  1710 | D:2      | Reached XP level 4. HP: 25/33 MP: 0/8
  1821 | D:2      | Noticed Natasha
  1837 | D:2      | Killed Natasha
  1837 | D:2      | Reached skill level 1 in Axes
  2058 | D:2      | Reached skill level 4 in Ice Magic
  2100 | D:2      | Noticed Natasha
  2164 | D:2      | Killed Natasha
  2267 | D:3      | Noticed Jessica
  2362 | D:3      | Found a shimmering altar of Xom.
  2365 | D:3      | Noticed an angel
  2370 | D:3      | Found a glowing silver altar of Zin.
  2413 | D:3      | Became a worshipper of Zin the Law-Giver
  2423 | D:3      | Donated 26 gold pieces to Zin
  2445 | D:3      | Donated 13 gold pieces to Zin
  2525 | D:3      | Found a white marble altar of Elyvilon.
  2541 | D:3      | Reached XP level 5. HP: 29/38 MP: 4/9
  2591 | D:3      | Killed Jessica
  2817 | D:3      | Noticed Robin
  2838 | D:3      | Killed Robin
  3193 | D:3      | Reached XP level 6. HP: 46/46 MP: 5/11
  3789 | D:4      | Donated 28 gold pieces to Zin
  3808 | D:4      | Found a shimmering altar of Xom.
  3813 | D:4      | Found a shimmering altar of Xom.
  3854 | D:4      | Noticed Edmund
  3863 | D:4      | Killed Edmund
  3863 | D:4      | Reached skill level 1 in Short Blades
  3876 | D:4      | Your scales start taking on a dull iron-grey colour.
  3876 | D:4      | Reached XP level 7. HP: 32/51 MP: 0/13
  3876 | D:4      | Gained mutation: You can survive without breathing. [Grey Draconian growth]
  4013 | D:4      | Learned a level 4 spell: Throw Icicle
  4065 | D:4      | Reached * piety under Zin
  4332 | D:4      | Found a bloodstained altar of Trog.
  4332 | D:4      | Found a hide-covered altar of Uskayaw.
  4332 | D:4      | Found an ancient bone altar of Kikubaaqudgha.
  4514 | D:5      | Entered Level 5 of the Dungeon
  4523 | D:5      | Found a staircase to the Ecumenical Temple.
  4663 | D:5      | Found Feero's Book Shoppe.
  4669 | D:5      | Donated 31 gold pieces to Zin
  4693 | D:5      | Reached skill level 5 in Ice Magic
  4979 | D:5      | Reached ** piety under Zin
  5108 | D:5      | Reached skill level 1 in Fighting
  5515 | D:5      | Reached skill level 5 in Spellcasting
  5515 | D:5      | Reached XP level 8. HP: 48/61 MP: 1/15
  5564 | D:5      | Found a basalt altar of Yredelemnul.
  5564 | D:5      | Found a shattered altar of Ashenzari.
  5616 | D:5      | Found an opulent altar of Gozag.
  5616 | D:5      | Found a sparkling altar of Nemelex Xobeh.
  5901 | D:6      | Reached skill level 6 in Ice Magic
  6011 | D:6      | Reached skill level 1 in Invocations
  6150 | D:6      | Noticed a hornet
  6210 | D:6      | Paralysed by a hornet for 3 turns
  6413 | D:6      | Learned a level 4 spell: Summon Ice Beast
  6618 | D:6      | Reached *** piety under Zin
  6750 | D:6      | Killed a hornet
  6750 | D:6      | Reached XP level 9. HP: 51/68 MP: 8/17
  6906 | D:7      | Noticed Pikel
  6926 | D:7      | Killed Pikel
  6926 | D:7      | Reached skill level 7 in Ice Magic
  7092 | D:7      | Found a hazy altar of Hepliaklqana.
  7407 | D:7      | Identified a scroll of acquirement
  7429 | D:7      | Found a shadowy altar of Dithmenos.
  7689 | D:7      | Noticed Prince Ribbit
  7701 | D:7      | Killed Prince Ribbit
  7727 | D:7      | Donated 86 gold pieces to Zin
  7949 | D:7      | Found a stormy altar of Qazlal.
  8251 | D:8      | Reached skill level 1 in Summonings
  8457 | D:8      | Found a runed door.
  8457 | D:8      | Noticed a deep troll
  8459 | D:8      | Noticed a deep elf mage
  8459 | D:8      | Noticed a fire dragon
  8459 | D:8      | Noticed a glowing orange brain
  9011 | D:8      | Noticed a troll
  9015 | D:8      | Killed a troll
  9276 | D:9      | Found a staircase to the Orcish Mines.
  9391 | D:9      | Reached XP level 10. HP: 76/77 MP: 14/20
  9532 | D:9      | Reached skill level 8 in Ice Magic
  9862 | D:9      | Noticed Joseph
  9942 | D:9      | Donated 79 gold pieces to Zin
  9948 | D:9      | Reached **** piety under Zin
 10030 | Orc:1    | Entered Level 1 of the Orcish Mines
 10034 | Orc:1    | Noticed an orc knight
 10037 | Orc:1    | Noticed Urug
 10042 | Orc:1    | Hit by a javelin thrown by Urug

Skill      XL: |  1  2  3  4  5  6  7  8  9 10 |
---------------+-------------------------------+-----
Stealth        | 2 3 |  3.4
Dodging        | 2 3 4 |  4.4
Axes           | 1 |  1.1
Spellcasting   | 3 4 5 7 |  7.5
Ice Magic      | 4 5 6 7 8 |  8.2
Conjurations   | 2 3 4 |  4.3
Short Blades   | 1 2 3 4 |  4.2
Fighting       | 1 2 3 |  3.4
Invocations    | 2 3 4 |  4.1
Summonings     | 1 |  1.6

Action                   |  1- 3 |  4- 6 |  7- 9 | 10-12 || total
-------------------------+-------+-------+-------+-------++-------
Melee: Unarmed           |    10 |       |       |       ||    10
       Hand axe          |    24 |       |       |       ||    24
       Tailslap          |     1 |     8 |    33 |    11 ||    53
       Dagger            |    19 |    72 |   261 |    44 ||   396
 Cast: Freeze            |    29 |    35 |    53 |     8 ||   125
       Throw Frost       |    10 |    46 |    15 |     2 ||    73
       Throw Icicle      |       |       |    58 |    15 ||    73
       Summon Ice Beast  |       |       |    11 |     5 ||    16
Invok: Donate Gold       |       |     3 |     2 |     1 ||     6
       Recite            |       |       |    14 |     7 ||    21
  Use: Potion            |     1 |     4 |     4 |       ||     9
       Scroll            |       |     3 |    13 |     3 ||    19
  Eat: Chunk             |     3 |     9 |     6 |       ||    18
       Meat ration       |       |       |     2 |       ||     2
       Bread ration      |       |       |     3 |     1 ||     4
Armor: Skin              |    23 |    31 |   100 |    21 ||   175
Dodge: Dodged            |    52 |    55 |   184 |    41 ||   332
